Connexion

Devils vs Bruins

Created - 8 décembre 2023 at 06:06

Goals
1 2 3 T
Devils 0 0 2 2
Bruins 0 2 1 3
Shots
1 2 3 T
Devils 13 11 11 35
Bruins 5 19 3 27

GoalsPenalties
1st period
No Goal
Brycen Martin (PRO) for Tripping (Minor) at 2:30
Derek Grant (PRO) for Diving (Minor) at 16:29
2nd period
1. Bruins , Bryce Kindopp 16 (Derek Grant 16) at 6:15 (PP)
2. Bruins , Reilly Walsh 6 (Bryce Kindopp 25, Derek Grant 17) at 19:47
Julius Honka (PRO) for Cross-checking (Minor) at 1:34
Cal Clutterbuck (BIN) for Roughing (Minor) at 4:19
Zach Sanford (BIN) for Tripping (Minor) at 16:10
3rd period
3. Devils , Pierre-Édouard Bellemarre 8 (Paul Byron 22, Carl Dahlstrom 14) at 1:00
4. Bruins , Brycen Martin 1 (Ryan O'Reilly 9, Ludwig Bystrom 11) at 6:20
5. Devils , Paul Byron 6 (Anthony Bitetto 10) at 19:48
No Penalty
Goalie Stats
Carey Price (BIN), 24 saves from 27 shots - (0,889), L, 18-8-3, 60:00 minutes
Joey Daccord (PRO), 33 saves from 35 shots - (0,943), W, 24-10-2, 60:00 minutes
3 StarsOfficial
1 - Paul Byron (BIN)
2 - Bryce Kindopp (PRO)
3 - Brycen Martin (PRO)
Referees : Justin StPierre and Ian Walsh
Linesman : Jean Morin and Shane Heyer
Game Note
No Game Note
Finance
Level 1 -- Attendance: 2000 (100,00%) -- Ticket Income $70,000
Level 2 -- Attendance: 1000 (100,00%) -- Ticket Income $15,000
Total Attendance: 3000 (100,00%)
Total Ticket Income: $85,000
Other Income: $17,000
Total Income: $102,000



Team Name Goals Shots Shots Attemp Shots Blocked PIM HIT PP PK FO%
Devils 2356074280 / 3 (0%)160%
Bruins 3275996301 / 2 (50%)040%

Devils
Player Name POS G A P +/- PIM HIT SHT SB MP PP MP PP SHT PK MP PK SHT FO% FOT
Anthony BitettoD0112011220:022:3201:3900% 0
Cal ClutterbuckLW/RW000-1231015:200:0000:000100% 2
Carl DahlstromD0112031020:022:3211:3900% 0
Cole CasselsC000-1012015:210:0000:00058% 19
Dalton ThrowerD000-1020015:480:0000:0000% 0
Doyle SomerbyD000-1040124:103:2502:1600% 0
Eric RobinsonLW000000003:060:0000:0000% 0
Kirill MaksimovRW000000103:060:0000:0000% 0
Kyle CliffordLW000000000:360:0000:0000% 0
Mackenzie MacEachernLW000-1012017:040:0001:430100% 1
Marc StaalD000-1000224:103:2502:1600% 0
Paul ByronC/LW/RW1121047020:222:4211:38050% 26
Pavel GogolevLW0001026019:222:4220:380100% 1
Pierre-Édouard BellemarreC/LW/RW1011014018:442:4210:00050% 2
Ryan MurphyD000-1000115:480:0000:0000% 0
Sean KuralyC/LW0000022023:343:1502:10066% 35
Spencer FooRW0000036119:183:1530:2400% 0
Zach SanfordLW0000212020:103:1501:17050% 2
Bruins
Player Name POS G A P +/- PIM HIT SHT SB MP PP MP PP SHT PK MP PK SHT FO% FOT
Adam MusilC000000001:180:0000:0000% 0
Bryce KindoppRW1121002023:071:4713:26043% 7
Brycen MartinD1011271014:180:0000:3000% 0
Derek GrantC/LW/RW0221212018:451:4701:08060% 5
Hunter ShinkarukC/LW/RW000-1003018:082:0810:000100% 1
Igor ShvyrevC0000002014:560:0000:00044% 16
Jakob Forsbacka-KarlssonC000000004:440:0001:2300% 3
Jansen HarkinsC000-1004020:002:0811:52044% 25
Jesse GrahamD000-1001121:231:3902:5800% 0
Josh BrookD0000060125:182:1603:2900% 0
Julius HonkaD000-1230220:221:3901:5800% 0
Ludwig BystromD0111000013:490:0000:0000% 0
Matej StranskyLW/RW0000010014:560:0000:000100% 2
Michael TeplyLW000-1033018:082:0810:0000% 1
Nathan BastianC/RW0001064121:431:4704:05027% 26
Reilly WalshD1010013424:482:1612:5900% 0
Ryan O'ReillyRW0110022014:560:0000:00050% 2
Tyler WeissLW000000003:210:0000:0000% 0



Play-by-Play

1st period


0:01 of 1st period - Bryce Kindopp wins face-off versus Sean Kuraly in neutral zone.
0:23 of 1st period - Shot by Bryce Kindopp.
0:23 of 1st period - Shot Misses the Net.
1:24 of 1st period - Shot by Pierre-Édouard Bellemarre.
1:24 of 1st period - Shot Misses the Net.
1:26 of 1st period - Shot by Pierre-Édouard Bellemarre.
1:26 of 1st period - Deflect By Pavel Gogolev.
1:26 of 1st period - Stopped by Joey Daccord without a rebound.
1:27 of 1st period - Matej Stransky wins face-off versus Cole Cassels in Bruins zone.
1:27 of 1st period - Matej Stransky is hit by Cole Cassels.
1:30 of 1st period - Igor Shvyrev is hit by Cal Clutterbuck.
1:44 of 1st period - Shot by Ryan O'Reilly.
1:44 of 1st period - Shot Misses the Net.
2:01 of 1st period - Mackenzie MacEachern is hit by Brycen Martin and loses puck.
2:19 of 1st period - Icing by Ludwig Bystrom.
2:20 of 1st period - Igor Shvyrev wins face-off versus Paul Byron in Bruins zone.
2:24 of 1st period - Brycen Martin is hit by Carl Dahlstrom and loses puck.
2:30 of 1st period - Minor Penalty to Brycen Martin for Tripping.
2:31 of 1st period - Bryce Kindopp wins face-off versus Sean Kuraly in Bruins zone.
2:45 of 1st period - Sean Kuraly is hit by Julius Honka and loses puck.
2:56 of 1st period - Shot by Spencer Foo.
2:56 of 1st period - Stopped by Joey Daccord without a rebound.
2:57 of 1st period - Derek Grant wins face-off versus Pierre-Édouard Bellemarre in Bruins zone.
3:01 of 1st period - Off-side.
3:02 of 1st period - Nathan Bastian wins face-off versus Paul Byron in neutral zone.
3:02 of 1st period - Nathan Bastian is hit by Paul Byron.
3:28 of 1st period - Shot by Pierre-Édouard Bellemarre.
3:28 of 1st period - Shot Blocked by Reilly Walsh.
3:30 of 1st period - Shot by Paul Byron.
3:30 of 1st period - Shot Misses the Net.
3:32 of 1st period - Shot by Pavel Gogolev.
3:32 of 1st period - Shot Blocked by Reilly Walsh.
3:34 of 1st period - Shot by Carl Dahlstrom.
3:34 of 1st period - Stopped by Joey Daccord with a rebound.
3:36 of 1st period - Shot by Pierre-Édouard Bellemarre.
3:36 of 1st period - Stopped by Joey Daccord without a rebound.
3:37 of 1st period - Derek Grant wins face-off versus Sean Kuraly in Bruins zone.
3:52 of 1st period - Shot by Marc Staal.
3:52 of 1st period - Shot Blocked by Julius Honka.
3:54 of 1st period - Shot by Spencer Foo.
3:54 of 1st period - Stopped by Joey Daccord without a rebound.
3:55 of 1st period - Sean Kuraly wins face-off versus Bryce Kindopp in Bruins zone.
4:15 of 1st period - Icing by Sean Kuraly.
4:16 of 1st period - Sean Kuraly wins face-off versus Bryce Kindopp in Devils zone.
4:29 of 1st period - Icing by Marc Staal.
4:30 of 1st period - Pierre-Édouard Bellemarre wins face-off versus Jansen Harkins in Devils zone.
4:46 of 1st period - Shot by Pierre-Édouard Bellemarre.
4:46 of 1st period - Stopped by Joey Daccord without a rebound.
4:47 of 1st period - Cole Cassels wins face-off versus Nathan Bastian in Bruins zone.
5:11 of 1st period - Shot by Mackenzie MacEachern.
5:11 of 1st period - Shot Misses the Net.
5:19 of 1st period - Shot by Cal Clutterbuck.
5:19 of 1st period - Deflect By Mackenzie MacEachern.
5:19 of 1st period - Stopped by Joey Daccord with a rebound.
6:04 of 1st period - Sean Kuraly is hit by Josh Brook.
6:48 of 1st period - Shot by Hunter Shinkaruk.
6:48 of 1st period - Stopped by Carey Price without a rebound.
6:49 of 1st period - Mackenzie MacEachern wins face-off versus Ryan O'Reilly in Devils zone.
7:19 of 1st period - Off-side.
7:20 of 1st period - Jansen Harkins wins face-off versus Paul Byron in neutral zone.
7:27 of 1st period - Shot by Jansen Harkins.
7:27 of 1st period - Shot Misses the Net.
7:29 of 1st period - Shot by Jansen Harkins.
7:29 of 1st period - Shot Misses the Net.
7:31 of 1st period - Shot by Jansen Harkins.
7:31 of 1st period - Shot Blocked by Anthony Bitetto.
7:33 of 1st period - Shot by Michael Teply.
7:33 of 1st period - Shot Misses the Net.
8:00 of 1st period - Icing by Julius Honka.
8:01 of 1st period - Sean Kuraly wins face-off versus Jansen Harkins in Bruins zone.
8:19 of 1st period - Icing by Julius Honka.
8:20 of 1st period - Jansen Harkins wins face-off versus Cole Cassels in Bruins zone.
8:20 of 1st period - Hunter Shinkaruk is hit by Cal Clutterbuck and loses puck.
8:37 of 1st period - Mackenzie MacEachern is hit by Julius Honka and loses puck.
8:59 of 1st period - Icing by Ryan Murphy.
9:00 of 1st period - Cole Cassels wins face-off versus Nathan Bastian in Devils zone.
9:02 of 1st period - Icing by Mackenzie MacEachern.
9:03 of 1st period - Nathan Bastian wins face-off versus Cole Cassels in Devils zone.
9:03 of 1st period - Reilly Walsh is hit by Dalton Thrower and loses puck.
9:12 of 1st period - Shot by Nathan Bastian.
9:12 of 1st period - Stopped by Carey Price without a rebound.
9:13 of 1st period - Sean Kuraly wins face-off versus Jakob Forsbacka-Karlsson in Devils zone.
10:19 of 1st period - Shot by Pavel Gogolev.
10:19 of 1st period - Shot Misses the Net.
10:24 of 1st period - Paul Byron is hit by Brycen Martin and loses puck.
10:35 of 1st period - Shot by Pavel Gogolev.
10:35 of 1st period - Stopped by Joey Daccord with a rebound.
10:37 of 1st period - Shot by Pavel Gogolev.
10:37 of 1st period - Deflect By Paul Byron.
10:37 of 1st period - Stopped by Joey Daccord without a rebound.
10:38 of 1st period - Jansen Harkins wins face-off versus Cole Cassels in Bruins zone.
10:38 of 1st period - Jansen Harkins is hit by Mackenzie MacEachern.
10:43 of 1st period - Icing by Jansen Harkins.
10:44 of 1st period - Cole Cassels wins face-off versus Jansen Harkins in Bruins zone.
11:01 of 1st period - Mackenzie MacEachern is hit by Michael Teply and loses puck.
11:39 of 1st period - Josh Brook is hit by Cal Clutterbuck and loses puck.
11:47 of 1st period - Ryan Murphy is hit by Matej Stransky.
12:02 of 1st period - Icing by Josh Brook.
12:03 of 1st period - Zach Sanford wins face-off versus Igor Shvyrev in Bruins zone.
12:12 of 1st period - Shot by Sean Kuraly.
12:12 of 1st period - Shot Misses the Net.
12:22 of 1st period - Marc Staal is hit by Ryan O'Reilly and loses puck.
12:35 of 1st period - Shot by Sean Kuraly.
12:35 of 1st period - Deflect By Zach Sanford.
12:35 of 1st period - Stopped by Joey Daccord with a rebound.
12:41 of 1st period - Sean Kuraly is hit by Nathan Bastian and loses puck.
12:46 of 1st period - Shot by Bryce Kindopp.
12:46 of 1st period - Deflect By Nathan Bastian.
12:46 of 1st period - Shot Blocked by Spencer Foo.
13:14 of 1st period - Shot by Pierre-Édouard Bellemarre.
13:14 of 1st period - Stopped by Joey Daccord without a rebound.
13:15 of 1st period - Paul Byron wins face-off versus Jansen Harkins in Bruins zone.
13:40 of 1st period - Shot by Michael Teply.
13:40 of 1st period - Shot Blocked by Anthony Bitetto.
13:42 of 1st period - Shot by Jesse Graham.
13:42 of 1st period - Stopped by Carey Price without a rebound.
13:43 of 1st period - Ryan O'Reilly wins face-off versus Cole Cassels in Devils zone.
13:46 of 1st period - Shot by Igor Shvyrev.
13:46 of 1st period - Deflect By Ryan O'Reilly.
13:46 of 1st period - Shot Blocked by Ryan Murphy.
14:22 of 1st period - Shot by Igor Shvyrev.
14:22 of 1st period - Deflect By Ryan O'Reilly.
14:22 of 1st period - Stopped by Carey Price without a rebound.
14:23 of 1st period - Nathan Bastian wins face-off versus Paul Byron in Devils zone.
14:23 of 1st period - Nathan Bastian is hit by Doyle Somerby.
14:41 of 1st period - Shot by Bryce Kindopp.
14:41 of 1st period - Shot Misses the Net.
14:43 of 1st period - Shot by Julius Honka.
14:43 of 1st period - Shot Misses the Net.
14:59 of 1st period - Shot by Derek Grant.
14:59 of 1st period - Stopped by Carey Price without a rebound.
15:00 of 1st period - Jansen Harkins wins face-off versus Sean Kuraly in Devils zone.
15:32 of 1st period - Shot by Zach Sanford.
15:32 of 1st period - Shot Misses the Net.
15:42 of 1st period - Jansen Harkins is hit by Spencer Foo and loses puck.
16:04 of 1st period - Mackenzie MacEachern is hit by Reilly Walsh and loses puck.
16:24 of 1st period - Icing by Ryan Murphy.
16:25 of 1st period - Nathan Bastian wins face-off versus Cole Cassels in Devils zone.
16:29 of 1st period - Minor Penalty to Derek Grant for Diving.
16:30 of 1st period - Paul Byron wins face-off versus Nathan Bastian in Bruins zone.
16:31 of 1st period - Shot by Pavel Gogolev.
16:31 of 1st period - Stopped by Joey Daccord with a rebound.
16:33 of 1st period - Shot by Marc Staal.
16:33 of 1st period - Shot Blocked by Jesse Graham.
16:35 of 1st period - Shot by Marc Staal.
16:35 of 1st period - Shot Misses the Net.
16:37 of 1st period - Shot by Pierre-Édouard Bellemarre.
16:37 of 1st period - Shot Blocked by Julius Honka.
16:39 of 1st period - Shot by Pavel Gogolev.
16:39 of 1st period - Stopped by Joey Daccord without a rebound.
16:40 of 1st period - Bryce Kindopp wins face-off versus Sean Kuraly in Bruins zone.
16:40 of 1st period - Reilly Walsh is hit by Sean Kuraly and loses puck.
18:36 of 1st period - Ryan Murphy is hit by Brycen Martin and loses puck.
18:53 of 1st period - Icing by Ryan Murphy.
18:54 of 1st period - Cole Cassels wins face-off versus Jansen Harkins in Devils zone.
Goals for this period are 0 for Devils vs 0 for Bruins.
Shots for this period are 13 for Devils vs 5 for Bruins.

2nd period


0:01 of 2nd period - Sean Kuraly wins face-off versus Nathan Bastian in neutral zone.
0:05 of 2nd period - Doyle Somerby is hit by Josh Brook.
0:12 of 2nd period - Spencer Foo is hit by Josh Brook and loses puck.
0:33 of 2nd period - Josh Brook is hit by Sean Kuraly and loses puck.
1:09 of 2nd period - Shot by Hunter Shinkaruk.
1:09 of 2nd period - Stopped by Carey Price without a rebound.
1:10 of 2nd period - Igor Shvyrev wins face-off versus Paul Byron in Devils zone.
1:16 of 2nd period - Icing by Carl Dahlstrom.
1:17 of 2nd period - Paul Byron wins face-off versus Jansen Harkins in Devils zone.
1:17 of 2nd period - Anthony Bitetto is hit by Michael Teply and loses puck.
1:33 of 2nd period - Paul Byron is hit by Julius Honka.
1:34 of 2nd period - Minor Penalty to Julius Honka for Cross-checking.
1:35 of 2nd period - Paul Byron wins face-off versus Bryce Kindopp in Bruins zone.
1:52 of 2nd period - Shot by Pavel Gogolev.
1:52 of 2nd period - Shot Blocked by Josh Brook.
1:58 of 2nd period - Shot by Anthony Bitetto.
1:58 of 2nd period - Shot Misses the Net.
2:04 of 2nd period - Shot by Pavel Gogolev.
2:04 of 2nd period - Shot Blocked by Nathan Bastian.
2:06 of 2nd period - Shot by Paul Byron.
2:06 of 2nd period - Stopped by Joey Daccord with a rebound.
2:24 of 2nd period - Shot by Spencer Foo.
2:24 of 2nd period - Stopped by Joey Daccord without a rebound.
2:25 of 2nd period - Sean Kuraly wins face-off versus Derek Grant in Bruins zone.
3:24 of 2nd period - Off-side.
3:25 of 2nd period - Paul Byron wins face-off versus Derek Grant in neutral zone.
3:30 of 2nd period - Shot by Anthony Bitetto.
3:30 of 2nd period - Shot Misses the Net.
4:19 of 2nd period - Minor Penalty to Cal Clutterbuck for Roughing.
4:20 of 2nd period - Sean Kuraly wins face-off versus Jansen Harkins in Devils zone.
4:29 of 2nd period - Shot by Reilly Walsh.
4:29 of 2nd period - Shot Misses the Net.
4:39 of 2nd period - Shot by Hunter Shinkaruk.
4:39 of 2nd period - Stopped by Carey Price with a rebound.
4:51 of 2nd period - Shot by Reilly Walsh.
4:51 of 2nd period - Stopped by Carey Price without a rebound.
4:52 of 2nd period - Sean Kuraly wins face-off versus Nathan Bastian in Devils zone.
4:52 of 2nd period - Sean Kuraly is hit by Nathan Bastian.
6:03 of 2nd period - Shot by Reilly Walsh.
6:03 of 2nd period - Shot Misses the Net.
6:05 of 2nd period - Shot by Jansen Harkins.
6:05 of 2nd period - Deflect By Michael Teply.
6:05 of 2nd period - Stopped by Carey Price without a rebound.
6:06 of 2nd period - Derek Grant wins face-off versus Sean Kuraly in Devils zone.
6:13 of 2nd period - Shot by Derek Grant.
6:13 of 2nd period - Shot Misses the Net.
6:15 of 2nd period - Shot by Bryce Kindopp.
6:15 of 2nd period - Goal by Bryce Kindopp - Devils : 0 - Bruins : 1.
6:16 of 2nd period - Igor Shvyrev wins face-off versus Paul Byron in neutral zone.
6:18 of 2nd period - Off-side.
6:19 of 2nd period - Paul Byron wins face-off versus Igor Shvyrev in neutral zone.
6:22 of 2nd period - Shot by Pierre-Édouard Bellemarre.
6:22 of 2nd period - Shot Misses the Net.
6:58 of 2nd period - Igor Shvyrev is hit by Doyle Somerby and loses puck.
7:19 of 2nd period - Shot by Nathan Bastian.
7:19 of 2nd period - Stopped by Carey Price with a rebound.
7:21 of 2nd period - Shot by Nathan Bastian.
7:21 of 2nd period - Stopped by Carey Price without a rebound.
7:22 of 2nd period - Sean Kuraly wins face-off versus Michael Teply in Devils zone.
7:31 of 2nd period - Shot by Jansen Harkins.
7:31 of 2nd period - Stopped by Carey Price without a rebound.
7:32 of 2nd period - Sean Kuraly wins face-off versus Nathan Bastian in Devils zone.
7:32 of 2nd period - Sean Kuraly is hit by Nathan Bastian.
7:39 of 2nd period - Spencer Foo is hit by Josh Brook and loses puck.
7:57 of 2nd period - Sean Kuraly is hit by Josh Brook and loses puck.
8:08 of 2nd period - Shot by Spencer Foo.
8:08 of 2nd period - Deflect By Sean Kuraly.
8:08 of 2nd period - Stopped by Joey Daccord without a rebound.
8:09 of 2nd period - Jansen Harkins wins face-off versus Cole Cassels in Bruins zone.
8:18 of 2nd period - Shot by Mackenzie MacEachern.
8:18 of 2nd period - Shot Misses the Net.
8:21 of 2nd period - Icing by Julius Honka.
8:22 of 2nd period - Jansen Harkins wins face-off versus Paul Byron in Bruins zone.
8:22 of 2nd period - Jansen Harkins is hit by Pavel Gogolev.
8:29 of 2nd period - Marc Staal is hit by Michael Teply and loses puck.
8:44 of 2nd period - Shot by Jansen Harkins.
8:44 of 2nd period - Stopped by Carey Price with a rebound.
8:46 of 2nd period - Shot by Michael Teply.
8:46 of 2nd period - Shot Misses the Net.
9:26 of 2nd period - Shot by Derek Grant.
9:26 of 2nd period - Shot Misses the Net.
9:28 of 2nd period - Shot by Nathan Bastian.
9:28 of 2nd period - Deflect By Bryce Kindopp.
9:28 of 2nd period - Shot Misses the Net.
9:30 of 2nd period - Shot by Nathan Bastian.
9:30 of 2nd period - Stopped by Carey Price without a rebound.
9:31 of 2nd period - Igor Shvyrev wins face-off versus Sean Kuraly in Devils zone.
9:35 of 2nd period - Matej Stransky is hit by Carl Dahlstrom and loses puck.
9:39 of 2nd period - Icing by Anthony Bitetto.
9:40 of 2nd period - Sean Kuraly wins face-off versus Igor Shvyrev in Devils zone.
9:53 of 2nd period - Shot by Zach Sanford.
9:53 of 2nd period - Stopped by Joey Daccord without a rebound.
9:54 of 2nd period - Cal Clutterbuck wins face-off versus Nathan Bastian in Bruins zone.
9:57 of 2nd period - Shot by Mackenzie MacEachern.
9:57 of 2nd period - Shot Misses the Net.
10:11 of 2nd period - Shot by Cole Cassels.
10:11 of 2nd period - Deflect By Mackenzie MacEachern.
10:11 of 2nd period - Shot Misses the Net.
10:21 of 2nd period - Shot by Cal Clutterbuck.
10:21 of 2nd period - Stopped by Joey Daccord without a rebound.
10:22 of 2nd period - Hunter Shinkaruk wins face-off versus Zach Sanford in Bruins zone.
11:58 of 2nd period - Igor Shvyrev is hit by Paul Byron and loses puck.
12:12 of 2nd period - Icing by Ludwig Bystrom.
12:13 of 2nd period - Cal Clutterbuck wins face-off versus Igor Shvyrev in Bruins zone.
12:29 of 2nd period - Cal Clutterbuck is hit by Brycen Martin and loses puck.
13:28 of 2nd period - Shot by Michael Teply.
13:28 of 2nd period - Shot Misses the Net.
13:30 of 2nd period - Shot by Michael Teply.
13:30 of 2nd period - Stopped by Carey Price without a rebound.
13:31 of 2nd period - Sean Kuraly wins face-off versus Nathan Bastian in Devils zone.
13:37 of 2nd period - Icing by Spencer Foo.
13:38 of 2nd period - Nathan Bastian wins face-off versus Sean Kuraly in Devils zone.
13:47 of 2nd period - Shot by Derek Grant.
13:47 of 2nd period - Stopped by Carey Price with a rebound.
13:49 of 2nd period - Shot by Derek Grant.
13:49 of 2nd period - Shot Blocked by Marc Staal.
14:07 of 2nd period - Shot by Bryce Kindopp.
14:07 of 2nd period - Stopped by Carey Price without a rebound.
14:08 of 2nd period - Jansen Harkins wins face-off versus Paul Byron in Devils zone.
14:08 of 2nd period - Jesse Graham is hit by Anthony Bitetto and loses puck.
14:12 of 2nd period - Icing by Anthony Bitetto.
14:13 of 2nd period - Paul Byron wins face-off versus Jansen Harkins in Devils zone.
14:23 of 2nd period - Shot by Paul Byron.
14:23 of 2nd period - Stopped by Joey Daccord with a rebound.
14:25 of 2nd period - Shot by Paul Byron.
14:25 of 2nd period - Stopped by Joey Daccord with a rebound.
14:27 of 2nd period - Shot by Anthony Bitetto.
14:27 of 2nd period - Stopped by Joey Daccord without a rebound.
14:28 of 2nd period - Sean Kuraly wins face-off versus Nathan Bastian in Bruins zone.
14:48 of 2nd period - Shot by Zach Sanford.
14:48 of 2nd period - Shot Blocked by Reilly Walsh.
14:54 of 2nd period - Shot by Spencer Foo.
14:54 of 2nd period - Stopped by Joey Daccord without a rebound.
14:55 of 2nd period - Pavel Gogolev wins face-off versus Jansen Harkins in Bruins zone.
14:58 of 2nd period - Shot by Paul Byron.
14:58 of 2nd period - Stopped by Joey Daccord with a rebound.
15:10 of 2nd period - Shot by Jansen Harkins.
15:10 of 2nd period - Stopped by Carey Price without a rebound.
15:11 of 2nd period - Sean Kuraly wins face-off versus Igor Shvyrev in Devils zone.
15:21 of 2nd period - Icing by Josh Brook.
15:22 of 2nd period - Igor Shvyrev wins face-off versus Paul Byron in Bruins zone.
15:33 of 2nd period - Shot by Igor Shvyrev.
15:33 of 2nd period - Stopped by Carey Price with a rebound.
15:35 of 2nd period - Shot by Reilly Walsh.
15:35 of 2nd period - Stopped by Carey Price without a rebound.
15:36 of 2nd period - Sean Kuraly wins face-off versus Nathan Bastian in Devils zone.
15:36 of 2nd period - Spencer Foo is hit by Derek Grant and loses puck.
16:10 of 2nd period - Minor Penalty to Zach Sanford for Tripping.
16:11 of 2nd period - Sean Kuraly wins face-off versus Jansen Harkins in Devils zone.
16:44 of 2nd period - Shot by Jansen Harkins.
16:44 of 2nd period - Stopped by Carey Price without a rebound.
16:45 of 2nd period - Nathan Bastian wins face-off versus Sean Kuraly in Devils zone.
16:46 of 2nd period - Shot by Derek Grant.
16:46 of 2nd period - Shot Misses the Net.
17:01 of 2nd period - Off-side.
17:02 of 2nd period - Sean Kuraly wins face-off versus Nathan Bastian in neutral zone.
17:29 of 2nd period - Shot by Josh Brook.
17:29 of 2nd period - Shot Misses the Net.
17:31 of 2nd period - Shot by Reilly Walsh.
17:31 of 2nd period - Shot Blocked by Doyle Somerby.
17:33 of 2nd period - Shot by Josh Brook.
17:33 of 2nd period - Shot Blocked by Marc Staal.
18:12 of 2nd period - Icing by Julius Honka.
18:13 of 2nd period - Igor Shvyrev wins face-off versus Sean Kuraly in Bruins zone.
18:18 of 2nd period - Shot by Igor Shvyrev.
18:18 of 2nd period - Stopped by Carey Price with a rebound.
18:46 of 2nd period - Brycen Martin is hit by Spencer Foo and loses puck.
19:03 of 2nd period - Shot by Pavel Gogolev.
19:03 of 2nd period - Shot Misses the Net.
19:08 of 2nd period - Icing by Ludwig Bystrom.
19:09 of 2nd period - Cole Cassels wins face-off versus Igor Shvyrev in Bruins zone.
19:09 of 2nd period - Cal Clutterbuck is hit by Brycen Martin and loses puck.
19:23 of 2nd period - Icing by Anthony Bitetto.
19:24 of 2nd period - Cole Cassels wins face-off versus Nathan Bastian in Devils zone.
19:31 of 2nd period - Shot by Mackenzie MacEachern.
19:31 of 2nd period - Deflect By Cole Cassels.
19:31 of 2nd period - Stopped by Joey Daccord without a rebound.
19:32 of 2nd period - Nathan Bastian wins face-off versus Paul Byron in Bruins zone.
19:47 of 2nd period - Shot by Reilly Walsh.
19:47 of 2nd period - Goal by Reilly Walsh - Devils : 0 - Bruins : 2.
19:48 of 2nd period - Jansen Harkins wins face-off versus Sean Kuraly in neutral zone.
Goals for this period are 0 for Devils vs 2 for Bruins.
Shots for this period are 11 for Devils vs 19 for Bruins.

3rd period


0:01 of 3rd period - Sean Kuraly wins face-off versus Nathan Bastian in neutral zone.
0:01 of 3rd period - Sean Kuraly is hit by Nathan Bastian.
0:35 of 3rd period - Shot by Spencer Foo.
0:35 of 3rd period - Stopped by Joey Daccord without a rebound.
0:36 of 3rd period - Jansen Harkins wins face-off versus Paul Byron in Bruins zone.
1:00 of 3rd period - Shot by Pierre-Édouard Bellemarre.
1:00 of 3rd period - Goal by Pierre-Édouard Bellemarre - Devils : 1 - Bruins : 2.
1:01 of 3rd period - Cole Cassels wins face-off versus Igor Shvyrev in neutral zone.
1:38 of 3rd period - Shot by Mackenzie MacEachern.
1:38 of 3rd period - Stopped by Joey Daccord without a rebound.
1:39 of 3rd period - Sean Kuraly wins face-off versus Nathan Bastian in Bruins zone.
1:41 of 3rd period - Spencer Foo is hit by Josh Brook and loses puck.
2:54 of 3rd period - Shot by Jansen Harkins.
2:54 of 3rd period - Shot Misses the Net.
2:56 of 3rd period - Shot by Michael Teply.
2:56 of 3rd period - Shot Misses the Net.
3:52 of 3rd period - Shot by Ryan O'Reilly.
3:52 of 3rd period - Stopped by Carey Price without a rebound.
3:53 of 3rd period - Sean Kuraly wins face-off versus Jakob Forsbacka-Karlsson in Devils zone.
4:12 of 3rd period - Shot by Spencer Foo.
4:12 of 3rd period - Stopped by Joey Daccord without a rebound.
4:13 of 3rd period - Jansen Harkins wins face-off versus Paul Byron in Bruins zone.
4:55 of 3rd period - Jesse Graham is hit by Paul Byron and loses puck.
5:07 of 3rd period - Icing by Carl Dahlstrom.
5:08 of 3rd period - Paul Byron wins face-off versus Bryce Kindopp in Devils zone.
5:10 of 3rd period - Icing by Carl Dahlstrom.
5:11 of 3rd period - Paul Byron wins face-off versus Nathan Bastian in Devils zone.
5:11 of 3rd period - Paul Byron is hit by Nathan Bastian.
5:19 of 3rd period - Reilly Walsh is hit by Paul Byron and loses puck.
5:47 of 3rd period - Nathan Bastian is hit by Doyle Somerby and loses puck.
5:57 of 3rd period - Off-side.
5:58 of 3rd period - Igor Shvyrev wins face-off versus Cole Cassels in neutral zone.
6:15 of 3rd period - Ludwig Bystrom is hit by Dalton Thrower and loses puck.
6:18 of 3rd period - Shot by Ryan O'Reilly.
6:18 of 3rd period - Shot Misses the Net.
6:20 of 3rd period - Shot by Brycen Martin.
6:20 of 3rd period - Goal by Brycen Martin - Devils : 1 - Bruins : 3.
6:21 of 3rd period - Sean Kuraly wins face-off versus Jansen Harkins in neutral zone.
6:40 of 3rd period - Shot by Kirill Maksimov.
6:40 of 3rd period - Stopped by Joey Daccord without a rebound.
6:41 of 3rd period - Paul Byron wins face-off versus Igor Shvyrev in Bruins zone.
6:46 of 3rd period - Shot by Pavel Gogolev.
6:46 of 3rd period - Shot Blocked by Reilly Walsh.
7:00 of 3rd period - Ryan O'Reilly is hit by Pierre-Édouard Bellemarre and loses puck.
7:23 of 3rd period - Paul Byron is hit by Ryan O'Reilly and loses puck.
8:29 of 3rd period - Brycen Martin is hit by Spencer Foo and loses puck.
8:35 of 3rd period - Jansen Harkins is hit by Zach Sanford and loses puck.
8:40 of 3rd period - Shot by Hunter Shinkaruk.
8:40 of 3rd period - Shot Misses the Net.
8:42 of 3rd period - Shot by Jansen Harkins.
8:42 of 3rd period - Deflect By Michael Teply.
8:42 of 3rd period - Shot Misses the Net.
8:48 of 3rd period - Shot by Jansen Harkins.
8:48 of 3rd period - Shot Misses the Net.
8:50 of 3rd period - Shot by Jansen Harkins.
8:50 of 3rd period - Shot Misses the Net.
8:52 of 3rd period - Shot by Hunter Shinkaruk.
8:52 of 3rd period - Shot Misses the Net.
11:22 of 3rd period - Eric Robinson is hit by Brycen Martin.
11:37 of 3rd period - Shot by Michael Teply.
11:37 of 3rd period - Stopped by Carey Price without a rebound.
11:38 of 3rd period - Cole Cassels wins face-off versus Nathan Bastian in Devils zone.
13:06 of 3rd period - Icing by Josh Brook.
13:07 of 3rd period - Paul Byron wins face-off versus Jansen Harkins in Bruins zone.
13:15 of 3rd period - Icing by Josh Brook.
13:16 of 3rd period - Paul Byron wins face-off versus Jansen Harkins in Bruins zone.
13:53 of 3rd period - Shot by Jansen Harkins.
13:53 of 3rd period - Shot Misses the Net.
14:35 of 3rd period - Icing by Bryce Kindopp.
14:36 of 3rd period - Cole Cassels wins face-off versus Jakob Forsbacka-Karlsson in Bruins zone.
14:49 of 3rd period - Icing by Carl Dahlstrom.
14:50 of 3rd period - Cole Cassels wins face-off versus Igor Shvyrev in Devils zone.
15:08 of 3rd period - Shot by Cole Cassels.
15:08 of 3rd period - Stopped by Joey Daccord with a rebound.
16:12 of 3rd period - Icing by Julius Honka.
16:13 of 3rd period - Jansen Harkins wins face-off versus Paul Byron in Bruins zone.
16:13 of 3rd period - Jansen Harkins is hit by Pavel Gogolev.
16:43 of 3rd period - Shot by Pavel Gogolev.
16:43 of 3rd period - Stopped by Joey Daccord with a rebound.
16:47 of 3rd period - Shot by Pavel Gogolev.
16:47 of 3rd period - Stopped by Joey Daccord without a rebound.
16:48 of 3rd period - Sean Kuraly wins face-off versus Nathan Bastian in Bruins zone.
16:51 of 3rd period - Shot by Spencer Foo.
16:51 of 3rd period - Shot Misses the Net.
17:02 of 3rd period - Spencer Foo is hit by Brycen Martin.
17:04 of 3rd period - Shot by Sean Kuraly.
17:04 of 3rd period - Stopped by Joey Daccord without a rebound.
17:05 of 3rd period - Matej Stransky wins face-off versus Sean Kuraly in Bruins zone.
18:00 of 3rd period - Bryce Kindopp is hit by Doyle Somerby and loses puck.
18:10 of 3rd period - Off-side.
18:11 of 3rd period - Paul Byron wins face-off versus Jansen Harkins in neutral zone.
18:43 of 3rd period - Shot by Pavel Gogolev.
18:43 of 3rd period - Deflect By Paul Byron.
18:43 of 3rd period - Shot Hit the Post.
18:45 of 3rd period - Shot by Paul Byron.
18:45 of 3rd period - Stopped by Joey Daccord without a rebound.
18:46 of 3rd period - Cole Cassels wins face-off versus Nathan Bastian in Bruins zone.
18:55 of 3rd period - Dalton Thrower is hit by Nathan Bastian and loses puck.
19:41 of 3rd period - Igor Shvyrev is hit by Carl Dahlstrom and loses puck.
19:48 of 3rd period - Shot by Paul Byron.
19:48 of 3rd period - Goal by Paul Byron - Devils : 2 - Bruins : 3.
19:49 of 3rd period - Sean Kuraly wins face-off versus Nathan Bastian in neutral zone.
Goals for this period are 2 for Devils vs 1 for Bruins.
Shots for this period are 11 for Devils vs 3 for Bruins.